 Dungeon Crawl Stone Soup version 0.27.1-15-g792fb953b9 (webtiles) character file.

Game seed: 2152195888332059103

134 deusastra the Skirmisher (level 5, -15/47 HPs)
             Began as a Hill Orc Abyssal Knight on Nov 19, 2021.
             Was a Believer of Lugonu.
             Splashed by Ijyb's acid (18 damage)
             ... on level 3 of the Dungeon.
             The game lasted 00:09:40 (3602 turns).

deusastra the Skirmisher (Hill Orc Abyssal Knight)  Turns: 3602, Time: 00:09:41

Health: -15/47     AC: -3    Str: 16    XL:     5   Next: 17%
Magic:  7/7        EV: 11    Int: 12    God:    Lugonu [**....]
Gold:   109        SH:  0    Dex: 10    Spells: 4/4 levels left

rFire    . . .     SeeInvis .   a - +1 hand axe
rCold    . . .     Faith    .   (no shield)
rNeg     . . .     Spirit   .   b - +0 leather armour
rPois    .         Reflect  .   h - +0 helmet
rElec    .         Harm     .   (no cloak)
rCorr    .         Rampage  .   (no gloves)
Will     .....                  (no boots)
Stlth    +.........             (no amulet)
HPRegen  0.15/turn              (no ring)
MPRegen  0.10/turn              (no ring)

@: corroded
A: no striking features
a: Renounce Religion, Depart the Abyss, Bend Space


You were on level 3 of the Dungeon.
You worshipped Lugonu.
Lugonu was pleased with you.
You visited 1 branch of the dungeon, and saw 3 of its levels.
You visited the Abyss 1 time.

You collected 109 gold pieces.

Inventory:

Hand Weapons
 a - a +1 hand axe (weapon)
Armour
 b - a +0 leather armour (worn)
 h - a +0 helmet (worn)
Jewellery
 k - a ring of willpower
Wands
 i - a wand of flame (20)
Scrolls
 c - a scroll of enchant weapon {unknown}
 j - a scroll of magic mapping {unknown}
 l - a scroll of identify {unknown}
Potions
 d - a potion of curing {unknown}
 e - 2 potions of ambrosia {unknown}
 f - 2 potions of brilliance {unknown}
 g - a potion of flight {unknown}
 m - a potion of berserk rage {unknown}


   Skills:
 * Level 4.8 Fighting
 * Level 4.0 Axes
 * Level 3.3 Armour
 + Level 1.3 Dodging
 + Level 3.2 Invocations


You had 4 spell levels left.
You didn't know any spells.
Your spell library contained the following spells:

 Spells                   Type           Power      Damage    Failure   Level
 Shock                    Conj/Air       0%         1d3       36%         1
 Swiftness                Air            0%         N/A       75%         3
 Airstrike                Air            0%         N/A       98%         4


Dungeon Overview and Level Annotations

Branches:
Dungeon (3/15)

Altars:

Annotations:
D:3 Ijyb


Message History

You start resting.
You feel sick.
You are no longer poisoned.
You start resting.
A dart slug comes into view.
A dart slug is nearby!
Found 15 stones.
Found a leather armour.
You start resting.
HP restored.
The dart slug launches a dart at you. The slug dart hits you.
The dart slug closely misses you.
You hit the dart slug.
The dart slug is heavily wounded.
You hit the dart slug.
You kill the dart slug!
Lugonu accepts your kill.
No target in view!
You see here an adder corpse.
You now have 95 gold pieces (gained 15).
Found a glass ring and a scroll labelled WUATUAL DERIRRINE.
Found a stone staircase leading down.
Found 14 gold pieces and 27 stones.
k - a ring of willpower
There is a stone staircase leading down here.
l - a scroll labelled WUATUAL DERIRRINE You now have 109 gold pieces (gained 14).
Found a grey potion.
m - a grey potion
Found 17 stones.
Ijyb the Twisted Goblin comes into view.
She is wielding a +0 club and carrying a wand of acid (5).
Found 24 bolts.
Ijyb shouts!
Ijyb is nearby!
Ijyb zaps a wand.
The bolt of acid hits you! The acid corrodes you!
You are splashed with acid!
Ijyb zaps a wand.
The bolt of acid hits you!!
* * * LOW HITPOINT WARNING * * *
The acid corrodes you!
You are splashed with acid!!
You die...

# .# #.# ...##.
####################g#....
..........................
...........####.@....##
########.#.# #.#.....#
.#######.#.# #.+.....#
.......#.#.# ###.....#
.......#.#.# #(#####
.......#.#.. ...
.......#.#.# ...
.......#.#.# .... .......#
#.# ..(..


You could see Ijyb.

Vanquished Creatures
  Robin (D:2)
  4 adders
  4 worms
  3 dart slugs
  5 ball pythons
  5 endoplasms
  16 goblins
  4 hobgoblins
  5 jackals
  4 kobolds
  4 quokkas
  5 bats
  2 frilled lizards (D:1)
  2 rats (D:2)
64 creatures vanquished.

Notes
Turn   | Place    | Note
-------+----------+-------------------------------------------
     0 | Abyss:1  | deusastra the Hill Orc Abyssal Knight began the quest for
                  | the Orb.
     0 | Abyss:1  | Reached XP level 1. HP: 19/19 MP: 2/2
    39 | Abyss:1  | Found a bloodstained altar of Trog.
    72 | D:1      | Escaped the Abyss
   525 | D:1      | Reached XP level 2. HP: 22/27 MP: 3/3
   692 | D:1      | Found a faded altar of an unknown god.
   774 | D:1      | Reached * piety under Lugonu
  1013 | D:1      | Reached XP level 3. HP: 28/33 MP: 5/5
  1023 | D:1      | Reached skill level 1 in Dodging
  1639 | D:2      | Reached XP level 4. HP: 21/41 MP: 6/6
  1947 | D:2      | Noticed Robin
  1980 | D:2      | HP: 2/41 [Robin (6)]
  1984 | D:2      | Killed Robin
  2291 | D:2      | Reached ** piety under Lugonu
  3051 | D:2      | Reached XP level 5. HP: 24/47 MP: 7/7
  3599 | D:3      | Noticed Ijyb
  3602 | D:3      | Splashed by Ijyb's acid

Illustrated notes

Levels and vault maps discovered:
D:1:      amcnicky_arrival_blooded_trapdoor, layout_basic,
          shapermc_ecumenical_altar_totnotflames
D:2:      layout_basic, uniq_robin
D:3:      layout_basic, uniq_ijyb

Skill      XL: |  1  2  3  4  5 |
---------------+----------------+-----
Fighting       | 4 |  4.8
Axes           | 3 4 |  4.0
Dodging        | 1 |  1.3
Armour         | 3 |  3.3
Invocations    | 3 |  3.2

Action                   |  1- 3 |  4- 6 || total
-------------------------+-------+-------++-------
Melee: Hand axe          |   118 |   109 ||   227
Invok: Depart the Abyss  |     1 |       ||     1
Armor: Leather armour    |    39 |    19 ||    58
Dodge: Dodged            |    85 |    64 ||   149
